xiaerd, chaotic female elven Priestess ----------- ----------- ----------- ----------- |.......@'.##### |.........| |........<| #..........| |.........| # |.........| |.........-#######|.........| |.........| ###|.........| |.........| |>........| |.........| #..........| |..)......| |.........| |.........| |.........| |.........| |.........| -#-.------- ----.------ --------|-- ---|---.--- ## # ### # # # ### # # #### # ## # -------|--- --|-------- -----.----- -------.--- |.........| |.........| |>........| |.........| |!!!!!!!!!| |.......).| |.........| |.........| |!!!!!!!!!| |.........| |.........| |.........| |!!!!!!!!!| |.........| |.........| |.........| |%!!!!!!!!| |.........-#######..........| |.........| ----------- ----------- ----------- ----------- xiaerd the Acolyte Experience level: 5 Strength: 12 Dexterity: 12 Constitution: 12 Intelligence: 8 Wisdom: 17 Charisma: 15 Health: 0(42) Energy: 90(90) AC: 7 Gold: 332 Moves: 1457 Your Inventory: Coins $ - 332 gold pieces Weapons a - a blessed +1 mace (weapon in hand) Armor b - an uncursed +0 robe (being worn) c - an uncursed +0 small shield (being worn) Comestibles e - an uncursed clove of garlic f - an uncursed sprig of wolfsbane Scrolls o - an uncursed scroll labeled SODALG [of enchant weapon] Spellbooks g - an uncursed spellbook of cure sickness h - an uncursed spellbook of create monster p - an uncursed spellbook of cure sickness Potions d - 4 potions of holy water j - an uncursed sparkling potion [of extra healing] k - an uncursed greasy potion [of paralysis] Wands n - an uncursed wand of create monster [0:14] Tools i - an uncursed tooled horn Gems q - an uncursed orange gem [worthless glass] Spells known in the end: Name Level Category Fail Memory a - cure sickness 3 healing 81% [||||||||] b - create monster 2 clerical 0% [||||||||] Your skills at the end: Fighting Skills Weapon Skills mace [Basic] Spellcasting Skills clerical spells [Basic] Final Attributes: You were devoutly aligned. Hunger level was 233. Your alignment was 17 / 17. Monster difficulty range was 0 - 4. Level difficulty was 3. You were immune to sleep. You saw invisible. You had infravision. Your luck was zero. You are dead. Vanquished creatures: a small mimic 2 hill orcs a giant bat a dwarf zombie 2 manes a hobgoblin a yellow mold 2 gnomes a kobold a goblin 3 sewer rats 2 grid bugs 4 lichens 5 newts 27 creatures vanquished. Voluntary challenges: You were an atheist. You were illiterate. You used a wielded weapon 39 times. You put on armor 2 times. You never genocided any monsters. You never polymorphed an object. You never changed form. You used no wishes. You never wrote Elbereth's name. You never encountered a bones level. You never used any Sokoban shortcuts. Dungeon overview: The Dungeons of Doom: levels 1 to 4 Level 1 a long staircase Level 3 <- You were here a potion shop stairs to The Gnomish Mines The Gnomish Mines: Level 4 stairs to The Dungeons of Doom History has recorded: On T:1 you entered the Dungeons of Doom to retrieve the Amulet of Yendor! On T:170 you reached level 2 of The Dungeons of Doom. On T:643 you advanced to experience level 2. On T:698 you reached level 3 of The Dungeons of Doom. On T:787 you advanced to experience level 3. On T:994 you reached level 4 of The Dungeons of Doom. On T:1067 you advanced to experience level 4. On T:1149 you reached level 1 of The Gnomish Mines. On T:1242 you advanced to experience level 5. Latest messages: You hit the small mimic! [HP+1=11] You hit the small mimic. You hit the small mimic! (2x) The small mimic hits! [HP-10=1] You hit the small mimic! You kill the small mimic! You see here a cursed soapy potion (100 zorkmids). [HP+1=2] You see here an uncursed black potion (133 zorkmids). You see here an uncursed golden potion (50 zorkmids). [HP+1=3] [HP+1=4] [HP+1=5] [HP+1=6] You hit the straw golem! The straw golem hits! (2x) [HP-3=3] You miss the straw golem. The straw golem hits! (2x) You die... Final status: Goodbye xiaerd the Priestess... You died in The Dungeons of Doom on dungeon level 3 with 1259 points, and 332 pieces of gold, after 1457 moves. You were level 5 with a maximum of 42 hit points when you died.